 Dungeon Crawl Stone Soup version 0.23.0-3-gf3c87f2 (webtiles) character file.

Game seed: 8701981551081490314

65 Lanoc the Shield-Bearer (level 4, -2/36 HPs)
             Began as a Formicid Fighter on Feb 24, 2019.
             Was a Follower of Qazlal.
             Killed from afar by Ijyb (12 damage)
             ... with a wand of acid (5)
             ... on level 3 of the Dungeon on Feb 25, 2019.
             The game lasted 00:02:08 (1239 turns).

Lanoc the Shield-Bearer (Formicid Fighter)          Turns: 1239, Time: 00:02:08

Health: -2/36      AC:  6    Str: 21 (22) XL:     4   Next: 34%
Magic:  4/4        EV:  8    Int:  4 (7)  God:    Qazlal [*.....]
Gold:   15         SH: 11    Dex:  9 (10) Spells: 3/3 levels left

rFire    . . .     SeeInvis +   a - +0 long sword
rCold    . . .     Gourm    .   c - +0 shield
rNeg     . . .     Faith    .   b - +0 scale mail
rPois    .         Spirit   .   (helmet unavailable)
rElec    .         Reflect  .   (no cloak)
rCorr    .         Harm     .   (no gloves)
MR       .....                  (no boots)
Stlth    ..........             (no amulet)
HPRegen  0.12/turn              (no ring)
MPRegen  0.09/turn              (no ring)

@: no status effects
A: permanent stasis, dig shafts and tunnels, four strong arms, antennae 3
a: Dig, Shaft Self, Renounce Religion


You were on level 3 of the Dungeon.
You worshipped Qazlal.
Qazlal was aware of your devotion.
You were hungry.

You visited 1 branch of the dungeon, and saw 3 of its levels.

You collected 15 gold pieces.

Inventory:

Hand Weapons
 a - a +0 long sword (weapon)
Armour
 b - a +0 scale mail (worn)
 c - a +0 shield (worn)
Jewellery
 e - a +4 ring of intelligence {unknown}
 n - a +2 ring of evasion {unknown}
Wands
 o - a wand of acid (5)
Scrolls
 g - a scroll of remove curse {unknown}
 h - a scroll of enchant weapon {unknown}
 i - a scroll of magic mapping {unknown}
 j - a scroll of teleportation {unknown}
 l - 2 scrolls of identify {unknown}
Potions
 k - a potion of degeneration
 m - a potion of cancellation
Comestibles
 f - 4 rations


   Skills:
 + Level 3.6 Fighting
 * Level 2.9 Long Blades
 + Level 3.6 Armour
 + Level 1.0 Dodging
 + Level 4.0 Shields
 + Level 0.8 Invocations


You had 3 spell levels left.
You didn't know any spells.
Your spell library was empty.

Dungeon Overview and Level Annotations

Branches:
Dungeon (3/15)

Altars:
Qazlal
Ru
Xom

Annotations:
D:3 Ijyb


Innate Abilities, Weirdness & Mutations

You cannot be hasted, slowed, berserked, paralysed or teleported.
You can dig through walls and to a lower floor.
Your four strong arms can wield two-handed weapons with a shield.
You have a pair of large antennae on your head. (SInv)


Message History

You are too injured to fight recklessly!
You are too injured to fight recklessly!
You closely miss Ijyb.
Ijyb zaps a wand.
The bolt of acid misses you.
It was a potion of degeneration.
There was something very wrong with that liquid.
You feel weakened.
You feel dopey.
You feel clumsy. Ijyb hits you with a +0 club.
It was a potion of cancellation.
You feel magically purged. You block Ijyb's attack.
It was a potion of haste.
Your stasis prevents you from being hasted.
Ijyb hits you with a +0 club.
You hit Ijyb.
Ijyb is moderately wounded.
Ijyb hits you with a +0 club.
* * * LOW HITPOINT WARNING * * *
You closely miss Ijyb.
Ijyb is moderately wounded.
Ijyb zaps a wand.
The bolt of acid hits you!
You die...

....##
#....##
###.....#
#)......#
#.#.....#
#......#
#.###.°.g.#
#......@>.#
##......#.#
......#.#
..
##.####>#
## #......#
######.#
#.# #.# #.#


You could see Ijyb.

Vanquished Creatures
  Terence (D:2)
  An adder (D:3)
  An adder zombie (D:2)
  An adder skeleton (D:2)
  A leopard gecko (D:1)
  An orc (D:2)
  A goblin (D:2)
  2 hobgoblins (D:2)
  8 kobolds
  A ball python (D:2)
  2 bats (D:2)
  A frilled lizard (D:2)
  3 rats
24 creatures vanquished.

Notes
Turn   | Place    | Note
-------+----------+-------------------------------------------
     0 | D:1      | Lanoc the Formicid Fighter began the quest for the Orb.
     0 | D:1      | Reached XP level 1. HP: 18/18 MP: 1/1
    26 | D:1      | You fall through a shaft!
    27 | D:2      | Found a faded altar of an unknown god.
    41 | D:2      | Became a worshipper of Qazlal Stormbringer
    41 | D:2      | Reached * piety under Qazlal
    48 | D:2      | Reached XP level 2. HP: 24/24 MP: 2/2
   128 | D:2      | Found a shimmering altar of Xom.
   161 | D:2      | Noticed Terence
   184 | D:2      | Killed Terence
   184 | D:2      | Reached XP level 3. HP: 5/29 MP: 3/3
   185 | D:2      | Reached skill level 4 in Shields
   478 | D:2      | Reached XP level 4. HP: 32/35 MP: 4/4
   926 | D:2      | Found a sacrificial altar of Ru.
  1092 | D:3      | Reached skill level 1 in Dodging
  1231 | D:3      | Noticed Ijyb
  1239 | D:3      | Killed from afar by Ijyb

Skill      XL: |  1  2  3  4 |
---------------+-------------+-----
Shields        | 4 |  4.0
Dodging        | 1 |  1.0
Fighting       | |  3.6
Long Blades    | |  2.9
Armour         | |  3.6
Invocations    | |  0.8

Action                   |  1- 3 |  4- 6 || total
-------------------------+-------+-------++-------
Melee: Long sword        |    69 |    35 ||   104
 Abil: Shaft Self        |     1 |       ||     1
  Use: Potion            |     1 |     3 ||     4
  Eat: Chunk             |       |     1 ||     1
Armor: Scale mail        |    34 |     9 ||    43
Dodge: Dodged            |    24 |    13 ||    37
Block: Shield            |    42 |    21 ||    63
       Rpst.: Long sword |     6 |     4 ||    10
